 Dungeon Crawl Stone Soup version 0.29.1-1-gd02db6906a (webtiles) character file.

Game seed: 4640025488987127925

59 smilodon the Sneak (level 3, -1/24 HPs)
             Began as a Vampire Enchanter on Oct 1, 2022.
             Slain by an orc
             ... wielding a +0 flail
              (5 damage)
             ... on level 2 of the Dungeon.
             The game lasted 00:06:48 (2069 turns).

smilodon the Sneak (Vampire Enchanter)              Turns: 2069, Time: 00:06:49

Health: -1/24      AC:  2    Str:  7    XL:     3   Next: 78%
Magic:  4/6        EV: 12    Int: 19    God:
Gold:   94         SH:  0    Dex: 14    Spells: 3/7 levels left

rFire   . . .      SeeInvis +   g - +0 short sword
rCold   . . .      Faith    .   (no shield)
rNeg    . . .      Spirit   .   b - +0 robe
rPois   .          Reflect  .   (no helmet)
rElec   .          Harm     .   (no cloak)
rCorr   .          Rampage  .   (no gloves)
Will    .....                   (no boots)
Stlth   +++.......              (no amulet)
HPRegen 0.28/turn               (no ring)
MPRegen 0.10/turn               (no ring)

@: healing quickly
A: alive, fangs 3, see invisible, vampiric 2
a: Exsanguinate


You were on level 2 of the Dungeon.
You visited 1 branch of the dungeon, and saw 2 of its levels.

You collected 94 gold pieces.

Inventory:

Hand Weapons
 a - a +1 dagger
 g - a +0 short sword (weapon)
Armour
 b - a +0 robe (worn)
Scrolls
 e - a scroll of identify {unknown}
Potions
 c - a potion of flight {unknown}


   Skills:
 + Level 1.9 Short Blades
 + Level 2.8 Dodging
 + Level 5.1 Stealth
 + Level 2.5 Spellcasting
 - Level 4.8 Hexes
 + Level 0.7 Summonings


You had 3 spell levels left.
You knew the following spells:

 Your Spells              Type           Power      Damage    Failure   Level
a - Call Canine Familiar  Summ           5%         N/A       34%         3
b - Summon Small Mammal   Summ           20%        N/A       12%         1

Your spell library contained the following spells:

 Spells                   Type           Power      Damage    Failure   Level
 Confusing Touch          Hex            20%        N/A       7%          3
 Tukima's Dance           Hex            20%        N/A       7%          3
 Ensorcelled Hibernation  Hex/Ice        22%        N/A       9%          2
 Summon Guardian Golem    Hex/Summ       12%        N/A       16%         3
 Dazzling Flash           Conj/Hex       22%        N/A       19%         3


Dungeon Overview and Level Annotations

Branches:
Dungeon (2/15)

Altars:


Innate Abilities, Weirdness & Mutations

Your natural rate of healing is accelerated.
You have razor-sharp teeth.
You have supernaturally acute eyesight. (SInv)
You are afflicted with vampirism and can become a bat while bloodless.


Message History

Casting: Call Canine Familiar (extremely dangerous; 36% risk of failure)
Confirm with . or Enter, or press ? or * to list all spells.
The orc hits you with a +0 flail.
You swap places.
Your bat barely misses the orc.
Your bat hits the orc. The orc hits your bat with a +0 flail.
Your bat dies!
Your bat's corpse disappears in a puff of smoke!
A kobold comes into view. It is wielding a +0 short sword.
Okay, then.
Okay, then.
Casting: Summon Small Mammal (safe; 12% risk of failure)
Confirm with . or Enter, or press ? or * to list all spells.
Okay, then.
Casting: Summon Small Mammal (safe; 12% risk of failure)
Confirm with . or Enter, or press ? or * to list all spells.
The spell is extremely dangerous to miscast (36% risk of failure)!
Continue anyway?
You miscast Call Canine Familiar.
You are very lightly contaminated with residual magic.
Nothing appears to happen.
Casting: Call Canine Familiar (extremely dangerous; 36% risk of failure)
Confirm with . or Enter, or press ? or * to list all spells.
You don't have enough magic to cast this spell.
Unknown command.
The helpless kobold fails to defend itself.
You puncture the kobold!
You kill the kobold!
The orc hits you with a +0 flail. The orc attacks as you move away!
The orc hits you with a +0 flail!
* * * LOW HITPOINT WARNING * * *
Things that are here:
a +0 short sword; a kobold corpse The orc attacks as you move away!
The orc barely misses you.
Your magical contamination has completely faded away.
The orc attacks as you move away! The orc misses you.
The orc attacks as you move away! The orc closely misses you.
The orc attacks as you move away! The orc closely misses you.
The orc attacks as you move away! The orc hits you with a +0 flail.
* * * LOW HITPOINT WARNING * * *
The orc attacks as you move away! The orc hits you with a +0 flail.
You die...

#######.........
#.<.......#
#o...h.....⌠....
#...>.....#
#.#####.##...!..
##.......## #h#####.#
##### #......##
#)##....# #.#...##
#.##.##.# #######.#####
#o##.##.# #.......#
#...h.hh# #.####..#
##.#.##.#######@####..#
#.#.##.#o.h.ho.......#
#.#......#####.####.##
#.####.### #.####.#
#.####.# #......#
#......# ########
########


You could see 2 orcs and 2 jackals.

Vanquished Creatures
  2 adders (D:2)
  3 endoplasms
  2 giant cockroaches
  3 goblins (D:1)
  2 hobgoblins (D:1)
  3 jackals (D:1)
  7 kobolds
  2 quokkas (D:1)
  5 ball pythons
  4 bats
  4 frilled lizards
  3 rats
40 creatures vanquished.

Notes
Turn   | Place    | Note
-------+----------+-------------------------------------------
     0 | D:1      | smilodon the Vampire Enchanter began the quest for the Orb.
     0 | D:1      | Reached XP level 1. HP: 13/13 MP: 3/3
    95 | D:1      | Reached XP level 2. HP: 18/19 MP: 5/5
   662 | D:1      | Gained mutation: You are afflicted with vampirism and can
                  | become a bat while bloodless. [Vampire growth]
   662 | D:1      | Reached XP level 3. HP: 20/24 MP: 6/6
   667 | D:1      | Learned a level 3 spell: Call Canine Familiar
  1220 | D:2      | Reached skill level 5 in Stealth
  1905 | D:2      | Learned a level 1 spell: Summon Small Mammal
  2069 | D:2      | Slain by an orc

Illustrated notes

Levels and vault maps discovered:
D:1:      minmay_arrival_arboretum_large, layout_basic, minmay_pentomino_t2
D:2:      minmay_chambers_of_ones, layout_loops_cross,
          hellmonk_ecumenical_altar_defaced_shrine

Skill      XL: |  1  2  3 |
---------------+----------+-----
Stealth        | 5 |  5.1
Short Blades   | |  1.9
Dodging        | |  2.8
Spellcasting   | |  2.5
Hexes          | |  4.8
Summonings     | |  0.7

Action                   || total
-------------------------++-------
Melee: Dagger            ||    59
       Bite              ||    15
       Short sword       ||    85
 Cast: Summon Small Mamm ||     1
  Use: Potion            ||     9
       Scroll            ||     2
 Stab: Sleeping          ||     6
       Invisible         ||     4
       Distracted        ||     1
Armor: Robe              ||    28
Dodge: Dodged            ||    96
